 Dungeon Crawl Stone Soup version 0.16-a0-1301-gf74d490 (webtiles) character file.

471 PolkaDot the Ruffian (level 6, -4/56 HPs)
             Began as a Draconian Monk on Oct 15, 2014.
             Was a Plaything of Xom.
             Slain by a mottled dragon (5 damage)
             ... on level 4 of the Dungeon.
             The game lasted 00:12:29 (5388 turns).

PolkaDot the Ruffian (Draconian Monk)               Turns: 5388, Time: 00:12:29

Health: -4/56      AC:  8    Str: 21    XL:     6   Next: 83%
Magic:  6/6        EV: 13    Int: 10    God:    Xom
Gold:   153        SH:  0    Dex: 13    Spells: 0 memorised, 5 levels left

rFire  . . .     SeeInvis .       - Unarmed
rCold  . . .     Clarity  .     (armour unavailable)
rNeg   . . .     SustAb   .     (no shield)
rPois  .         Gourm    .     (helmet restricted)
rElec  .         Spirit   .     (no cloak)
rCorr  +         Warding  .     (no gloves)
rMut   .         Stasis   .     e - +1 pair of boots
MR     .....                    a - amulet of resist corrosion
Stlth  +.........               (no ring)
                                (no ring)

@: mighty, liquid flames, glowing, not resistant to hostile enchantments, very
unstealthy
A: unfitting armour, cold-blooded, AC +6
a: Renounce Religion


You were on level 4 of the Dungeon.
You worshipped Xom.
You were a very special plaything of Xom.
You were very hungry.

You visited 2 branches of the dungeon, and saw 5 of its levels.

You collected 153 gold pieces.

Inventory:

Hand weapons
 b - a +0 blowgun
Missiles
 g - 5 tomahawks (quivered)
 n - 44 poisoned needles
 p - 3 needles of confusion
Armour
 e - a +1 pair of boots (worn)
Jewellery
 a - an amulet of resist corrosion (around neck)
 q - a +2 ring of protection {unknown}
Magical devices
 d - a wand of digging (5)
 f - a wand of teleportation (2)
Scrolls
 c - a scroll of amnesia
 i - a scroll of identify {unknown}
 j - a scroll of fear {unknown}
Comestibles
 h - a meat ration
 k - 2 beef jerkies
 o - 4 bread rations


   Skills:
 + Level 5.0 Fighting
 - Level 3.9 Dodging
 + Level 2.7 Stealth
 * Level 6.4 Unarmed Combat


You had 5 spell levels left.
You didn't know any spells.

Dungeon Overview and Level Annotations

Branches:
Dungeon (4/15)             Temple (1/1) D:4

Altars:
Ashenzari
Cheibriados
Dithmenos
Elyvilon
Fedhas
Gozag
Kikubaaqudgha
Makhleb
Nemelex Xobeh
Okawaru
Qazlal
Ru
Sif Muna
Trog
Vehumet
Xom
Yredelemnul
The Shining One

Shops:
D:4 }

Annotations:
D:3 Molien's ghost, average DsGl


Innate Abilities, Weirdness & Mutations

Your plain brown scales are hard (AC +6).
Your body does not fit into most forms of armour.
Your cold-blooded metabolism reacts poorly to cold.


Message History

You are covered in liquid flames!
* * * LOW HITPOINT WARNING * * *
The mottled dragon barely misses you. The mottled dragon misses you.
Drink which item? (? for menu, Esc to quit)
You feel very mighty all of a sudden.
It was a potion of might.
Xom thinks this is hilarious!
You are covered in liquid flames!
* * * LOW HITPOINT WARNING * * *
The mottled dragon bites you!
* * * LOW HITPOINT WARNING * * *
The mottled dragon closely misses you.
You aren't carrying any potions.
You hit the mottled dragon.
Your tail-slap misses the mottled dragon.
The mottled dragon is severely wounded.
You are covered in liquid flames!
* * * LOW HITPOINT WARNING * * *
The mottled dragon bites you.
You die...

#.##..........##############
#.##.......#### #.#...######
♣♣♣♣♣♣ #.....# ♣♣♣....♣♣
#....## ♣♣♣..♣♣♣..♣♣♣♣
#...## ♣♣♣..♣♣♣ ♣......
#..## ♣♣..♣♣♣ ♣♣...♣♣ ##..#
♣♣.♣♣♣ ♣♣♣♣...♣ #...# ♣@♣♣
♣♣.....♣♣♣ #...# ♣D♣
♣♣.♣♣♣♣.... ##..# ♣....5.♣
♣.♣♣ ♣♣♣♣. #..# ♣Og...♣♣♣
♣.♣♣ ♣♣ #..# ♣..?.. ♣..♣♣ ♣
#..# ♣♣...♣ ♣♣♣.♣ #..# ♣♣♣♣
♣♣.♣♣♣ #..# ♣....♣♣ #..#
♣...♣♣..♣


You could see a mottled dragon and a quasit.

Vanquished Creatures
  A phantom (D:4)
  A necrophage (D:3)
  A scorpion (D:4)
  A giant frog skeleton (D:4)
  2 worker ants (D:4)
  Ijyb (D:2)
  6 adders
  A giant mite (D:3)
  2 worms (D:2)
  An iguana skeleton (D:4)
  3 giant geckos
  An ooze (D:3)
  3 orcs
  8 giant cockroaches
  8 goblins
  6 hobgoblins
  2 jackals (D:2)
  15 kobolds
  3 quokkas
  A ball python (D:3)
  3 bats
  A giant gecko skeleton (D:4)
  6 giant newts
  10 rats
  A rat skeleton (D:4)
88 creatures vanquished.

Notes
Turn   | Place    | Note
--------------------------------------------------------------
     0 | D:1      | PolkaDot, the Draconian Monk, began the quest for the Orb.
     0 | D:1      | Reached XP level 1. HP: 19/19 MP: 1/1
   259 | D:1      | Reached XP level 2. HP: 23/26 MP: 2/2
   969 | D:2      | HP: 1/26 [worm (6)]
  1272 | D:2      | Reached XP level 3. HP: 23/31 MP: 3/3
  2037 | D:2      | Noticed Ijyb
  2567 | D:2      | Reached XP level 4. HP: 37/40 MP: 4/4
  2655 | D:2      | Killed Ijyb
  2655 | D:2      | Reached skill level 5 in Unarmed Combat
  3397 | D:3      | Noticed a necrophage
  3426 | D:3      | Killed a necrophage
  3426 | D:3      | Reached XP level 5. HP: 34/47 MP: 5/5
  3547 | D:3      | Noticed Molien's ghost (average DsGl)
  3979 | D:4      | Found Bruosilu's Gadget Shoppe.
  4032 | D:4      | Found a staircase to the Ecumenical Temple.
  4038 | Temple   | Entered the Ecumenical Temple
  4114 | Temple   | Became a worshipper of Xom of Chaos
  4284 | D:4      | XOM: potion effect (brilliance)
  4288 | D:4      | Reached XP level 6. HP: 50/53 MP: 6/6
  4318 | D:4      | XOM: smoke on damage
  4335 | D:4      | Reached skill level 6 in Unarmed Combat
  4433 | D:4      | XOM: silly message
  4966 | D:4      | XOM: confusion (+ monsters)
  5024 | D:4      | XOM: swap monsters
  5052 | D:4      | Reached skill level 5 in Fighting
  5368 | D:4      | Noticed an ogre
  5368 | D:4      | XOM: god gift: scroll of enchant weapon
  5379 | D:4      | Noticed a mottled dragon
  5379 | D:4      | an ogre changed into a mottled dragon
  5379 | D:4      | XOM: polymorph ogre -> mottled dragon
  5380 | D:4      | XOM: mild Summ miscast
  5388 | D:4      | HP: 1/56 [burnt (4)]
  5388 | D:4      | Slain by a mottled dragon

Action                   |  1- 3 |  4- 6 || total
-------------------------+-------+-------++-------
Melee: Unarmed           |   171 |   249 ||   420
 Fire: Blowgun           |       |     3 ||     3
Throw: Tomahawk          |     8 |     5 ||    13
  Use: Potion            |     2 |     2 ||     4
       Scroll            |     3 |       ||     3
 Stab: Sleeping          |     2 |     1 ||     3
  Eat: Chunk             |     5 |     8 ||    13
